[Event "ICC Open 2015"]
[Site "Internet Chess Club"]
[Date "2015.05.30"]
[Round "3"]
[White "bigali"]
[Black "jojowang"]
[Result "1-0"]
[ICCResult "Black checkmated"]
[WhiteElo "1662"]
[BlackElo "1340"]
[Opening "Giuoco Piano"]
[ECO "C50"]
[NIC "IG.02"]
[Time "19:21:45"]
[TimeControl "180+0"]

1. e4 e5 2. Nf3 Nc6 3. Bc4 Bc5 4. O-O Nf6 5. Re1 O-O 6. c3 d6 7. d4 exd4 8.
cxd4 Bb4 9. Nc3 Re8 10. Bd3 Bg4 11. Be3 Bxc3 12. bxc3 Nxe4 13. h3 Bf5 14.
Bxe4 Bxe4 15. a4 Qf6 16. Bg5 Bxf3 17. Bxf6 Bxd1 18. Bxg7 Rxe1+ 19. Kh2 Kxg7
20. Ra2 Rae8 21. Rd2 R8e2 22. Rd3 Rxf2 23. Rg3+ Kh8 24. d5 Ne5 25. h4 Nf3+
26. Kh3 Rh1+ 27. Kg4 Rxh4+ 28. Kf5 Bc2+ 29. Kf6 Ng1+ 30. Ke7 Re4+ 31. Kf8
Ne2 32. Rg8# {Black checkmated} 1-0

[Event "ICC Open 2015"]
[Site "Internet Chess Club"]
[Date "2015.05.30"]
[Round "3"]
[White "Kastor"]
[Black "karaivosa"]
[Result "1-0"]
[ICCResult "Black resigns"]
[WhiteElo "2905"]
[BlackElo "2294"]
[Opening "French: Winawer, advance, poisoned pawn, Konstantinopolsky variation"]
[ECO "C18"]
[NIC "FR.11"]
[Time "19:21:40"]
[TimeControl "180+0"]

1. e4 e6 2. d4 d5 3. Nc3 Bb4 4. e5 c5 5. a3 Bxc3+ 6. bxc3 Ne7 7. Qg4 Qc7 8.
Qxg7 Rg8 9. Qxh7 cxd4 10. Ne2 Nbc6 11. f4 dxc3 12. Qd3 Bd7 13. Qxc3 O-O-O
14. Rb1 Be8 15. Rg1 d4 16. Qd3 Nf5 17. g4 Nh6 18. h3 f6 19. exf6 e5 20. f5
Nf7 21. Bg2 Nd6 22. Ng3 Bf7 23. Ne4 Nc4 24. Kf2 Bd5 25. Nc5 N6a5 26. Ne6 Qf7
27. Nxd8 Rxd8 28. Bxd5 Qxd5 29. Re1 Nd6 30. Rb4 Nc6 31. Rb3 e4 32. Qg3 Qc4
33. Bf4 Qxc2+ 34. Kg1 Nc4 35. Rc1 Qe2 36. Qf2 Qxf2+ 37. Kxf2 N4a5 38. Rb5 d3
39. Rxa5 d2 40. Bxd2 Rxd2+ 41. Ke3 Rd3+ 42. Kxe4 Rxh3 43. f7 Rh8 44. Rxc6+
bxc6 45. Rxa7 c5 46. Ra8+ {Black resigns} 1-0

[Event "ICC Open 2015"]
[Site "Internet Chess Club"]
[Date "2015.05.30"]
[Round "3"]
[White "mvillalba"]
[Black "JArookie"]
[Result "1-0"]
[ICCResult "Black forfeits on time"]
[WhiteElo "2242"]
[BlackElo "1929"]
[Opening "King's Indian: orthodox, Aronin-Taimanov, bayonet attack"]
[ECO "E97"]
[NIC "KI.05"]
[Time "19:21:44"]
[TimeControl "180+0"]

1. d4 Nf6 2. c4 g6 3. Nc3 Bg7 4. e4 O-O 5. Nf3 d6 6. Be2 Nc6 7. O-O e5 8. d5
Ne7 9. b4 a5 10. Ba3 axb4 11. Bxb4 b6 12. a4 Nd7 13. a5 bxa5 14. Bxa5 Ba6
15. Nb5 Bxb5 16. cxb5 Nc5 17. Qc2 f5 18. Nd2 fxe4 19. Nxe4 Nxe4 20. Qxe4 Nf5
21. Qc4 Nd4 22. Bxc7 Nxe2+ 23. Kh1 Qd7 24. Rxa8 Rxa8 25. b6 Nd4 26. b7 Rf8
27. b8=Q Rxb8 28. Bxb8 h5 29. Ba7 Kh7 30. Bxd4 exd4 31. Qd3 Qf5 32. Qxf5
gxf5 33. Re1 Be5 34. g3 f4 35. Kg2 Kg6 36. Kf3 Kf5 37. h3 fxg3 38. fxg3 Kf6
39. g4 hxg4+ 40. hxg4 Kg5 41. Rh1 Kf6 42. Rh6+ Kg5 43. Rh5+ Kg6 44. Ke4 Kf6
45. Rf5+ {Black forfeits on time} 1-0

[Event "ICC Open 2015"]
[Site "Internet Chess Club"]
[Date "2015.05.30"]
[Round "3"]
[White "orak"]
[Black "Ohanessian"]
[Result "0-1"]
[ICCResult "White checkmated"]
[WhiteElo "1582"]
[BlackElo "2050"]
[Opening "Alekhine's defense: four pawns attack"]
[ECO "B02"]
[NIC "AL.07"]
[Time "19:21:56"]
[TimeControl "180+0"]

1. e4 Nf6 2. e5 Nd5 3. c4 Nb6 4. d4 d6 5. f4 dxe5 6. fxe5 c5 7. d5 e6 8. d6
Qh4+ 9. g3 Qe4+ 10. Ne2 Qxh1 11. Nbc3 Nc6 12. Be3 Nxe5 13. Ng1 Bd7 14. Qd2
Nexc4 15. Bxc4 Nxc4 16. Qe2 Nxe3 17. Qxe3 Bxd6 18. O-O-O Be7 19. Nf3 Qg2 20.
Ne5 Rd8 21. Ne4 O-O 22. Nxc5 Bxc5 23. Qxc5 Ba4 24. Rxd8 Rxd8 25. b3 Qd2+ 26.
Kb1 Be8 27. Nc4 Qd1+ 28. Kb2 b6 29. Qc7 b5 30. Ne5 Qd4+ 31. Ka3 b4#
{White checkmated}
0-1

[Event "ICC Open 2015"]
[Site "Internet Chess Club"]
[Date "2015.05.30"]
[Round "3"]
[White "ibarra"]
[Black "paulleon"]
[Result "1-0"]
[ICCResult "Black resigns"]
[WhiteElo "2730"]
[BlackElo "2064"]
[Opening "French: Winawer, advance, Bogolyubov variation"]
[ECO "C17"]
[NIC "FR.10"]
[Time "19:21:15"]
[TimeControl "180+0"]

1. e4 e6 2. d4 d5 3. Nc3 Bb4 4. e5 c5 5. Bd2 Ne7 6. dxc5 Bxc5 7. Na4 Nd7 8.
Qg4 O-O 9. Nf3 Ng6 10. Nxc5 Nxc5 11. Qh5 Ne4 12. Bd3 Nxd2 13. Nxd2 f5 14.
exf6 Qxf6 15. O-O-O e5 16. Nf3 e4 17. Qxd5+ Be6 18. Qxe4 Bxa2 19. Qd4 Qc6
20. Bxg6 Qxg6 21. Ne5 Qh6+ 22. Qe3 Qxe3+ 23. fxe3 Rae8 24. Nf3 Bf7 25. Rd7
Rxe3 26. Re1 Rxe1+ 27. Nxe1 Re8 28. Kd2 Bh5 29. Nd3 Re2+ 30. Kc3 Rxg2 31.
Rxb7 Rxh2 32. Rxa7 Bf3 33. Ne5 Bh1 34. b4 h5 35. b5 Be4 36. Kd4 Bxc2 37. b6
Rh4+ 38. Kc5 Be4 39. Ra4 g5 40. Nc6 Bxc6 41. Rxh4 gxh4 42. Kxc6 Kg7 43. b7
Kg6 44. b8=Q Kg5 45. Qh2 Kg4 46. Kd5 h3 47. Ke4 Kh4 48. Kf3 Kg5 49. Qxh3 Kf6
50. Qxh5 Ke6 51. Kf4 Kd6 52. Qe5+ Kc6 53. Ke4 Kb6 54. Kd4 Ka6 {Black
resigns} 1-0

[Event "ICC Open 2015"]
[Site "Internet Chess Club"]
[Date "2015.05.30"]
[Round "3"]
[White "BlackHorse96"]
[Black "Ernani"]
[Result "1-0"]
[ICCResult "Black resigns"]
[WhiteElo "3259"]
[BlackElo "2626"]
[Opening "Queen's pawn game"]
[ECO "D00"]
[NIC "QP.07"]
[Time "19:21:46"]
[TimeControl "180+0"]

1. d4 Nf6 2. Nc3 d5 3. Bf4 g6 4. e3 Bg7 5. h4 Bf5 6. f3 h5 7. Bd3 Bxd3 8.
Qxd3 a6 9. O-O-O Nc6 10. Kb1 b5 11. Nge2 e6 12. Bg5 Qc8 13. e4 Qb7 14. Bxf6
Bxf6 15. exd5 Nb4 16. Qe4 Nxd5 17. Nxd5 Qxd5 18. Qf4 Qd8 19. d5 exd5 20. Nd4
O-O 21. g4 Qd6 22. Qxd6 cxd6 23. gxh5 gxh5 24. Nf5 Rad8 25. Rxd5 Rfe8 26.
Rg1+ Kh7 27. Ng3 Re5 28. Nxh5 Bxh4 29. Nf4 Rxd5 30. Nxd5 Bf2 31. Rh1+ Kg6
32. c3 Kf5 33. Kc2 Re8 34. Kd3 Re5 35. Rh5+ Ke6 36. Nc7+ Kd7 37. Rxe5 dxe5
38. Nxa6 Kd6 39. Nb4 f5 40. b3 Kc5 41. Nc2 Bg1 42. Ne3 f4 43. Ng4 Kd5 44.
Nf6+ Kc5 45. Ne4+ Kd5 46. c4+ bxc4+ 47. bxc4+ Kc6 48. a4 Bd4 49. Nd2 Kb6 50.
Nb3 Be3 51. Ke4 {Black resigns} 1-0

[Event "ICC Open 2015"]
[Site "Internet Chess Club"]
[Date "2015.05.30"]
[Round "3"]
[White "Spirals"]
[Black "ALexiz"]
[Result "1-0"]
[ICCResult "Black forfeits on time"]
[WhiteElo "2118"]
[BlackElo "1807"]
[Opening "Sicilian: Najdorf, Opocensky variation"]
[ECO "B92"]
[NIC "SI.11"]
[Time "19:21:08"]
[TimeControl "180+0"]

1. e4 c5 2. Nf3 d6 3. Nc3 Nf6 4. d4 cxd4 5. Nxd4 a6 6. Be2 e5 7. Nb3 Be7 8.
O-O O-O 9. a4 b6 10. Be3 Be6 11. f3 Nc6 12. Rf2 Qc7 13. Bf1 Rfd8 14. Nd5
Bxd5 15. exd5 Nb8 16. c4 Nbd7 17. a5 Nc5 18. axb6 Qxb6 19. Nxc5 dxc5 20. Bd3
h6 21. b3 Rdb8 22. Bc2 Bd6 23. g4 Bf8 24. h4 g6 25. Bd2 h5 26. Bc3 Qd6 27.
Rg2 Bg7 28. Qe2 hxg4 29. fxg4 Re8 30. Rf1 Nd7 31. h5 Bh6 32. hxg6 fxg6 33.
g5 Bg7 34. Qe4 Rf8 35. Qxg6 Qxg6 36. Bxg6 e4 37. Bxg7 Kxg7 38. Bxe4 Ne5 39.
Rxf8 Rxf8 40. Rf2 Rb8 41. Bc2 Ng4 42. Re2 Rb6 43. Kg2 a5 44. Kg3
{Black forfeits on time}
1-0

[Event "ICC Open 2015"]
[Site "Internet Chess Club"]
[Date "2015.05.30"]
[Round "3"]
[White "xyro"]
[Black "PJJVenegas"]
[Result "0-1"]
[ICCResult "White forfeits on time"]
[WhiteElo "1894"]
[BlackElo "2287"]
[Opening "Benkö gambit: main line"]
[ECO "A58"]
[NIC "BI.45"]
[Time "19:20:58"]
[TimeControl "180+0"]

1. d4 Nf6 2. c4 c5 3. d5 b5 4. cxb5 a6 5. bxa6 Bxa6 6. Nc3 d6 7. Nf3 g6 8.
e4 Bxf1 9. Kxf1 Bg7 10. g3 O-O 11. Kg2 Nbd7 12. Re1 Ng4 13. Qe2 Qa5 14. Nd2
Nge5 15. f4 Ng4 16. Qxg4 Bxc3 17. bxc3 Qxc3 18. Rb1 Rxa2 19. Qxd7 Qd3 20.
Qb5 Qd4 21. Kh1 Rfa8 22. Nf3 Qf2 23. Qf1 Qc2 24. Be3 R8a3 25. Bg1 Kg7 26. e5
Qf5 27. exd6 exd6 28. Re2 Qxd5 29. Rxa2 Qxa2 30. Re1 Qd5 31. Re3 Ra2 32. Re2
Ra3 33. Kg2 h5 34. h4 Qa8 35. Rf2 d5 36. Qe2 d4 37. Qe5+ Kg8 38. f5 Ra6 39.
Qxc5 d3 40. Qd4 Ra3 41. Rd2 gxf5 42. Rxd3 Ra2+ 43. Rd2 Ra4 44. Qd8+ Qxd8 45.
Rxd8+ Kg7 46. Rd4 Ra2+ 47. Kh3 f6 48. Be3 Kg6 49. Bf4 Ra3 50. Rd6 Rxf3 51.
Re6 Rf1 52. Re7 Rf3 53. Kg2 Ra3 54. Rd7 Ra2+ 55. Kh3 Ra4
{White forfeits on time}
0-1

[Event "ICC Open 2015"]
[Site "Internet Chess Club"]
[Date "2015.05.30"]
[Round "3"]
[White "EddieBarber"]
[Black "VoltesV"]
[Result "1-0"]
[ICCResult "Black forfeits on time"]
[WhiteElo "1868"]
[BlackElo "1561"]
[Opening "Pirc defense"]
[ECO "B07"]
[NIC "PU.08"]
[Time "19:21:49"]
[TimeControl "180+0"]

1. e4 d6 2. d4 Nf6 3. Nc3 c5 4. dxc5 Qa5 5. Bd3 Qxc5 6. Be3 Qb4 7. Qd2 a6 8.
Nf3 Bg4 9. O-O Bxf3 10. gxf3 e6 11. a3 Qa5 12. Kh1 Nbd7 13. f4 Be7 14. Rg1
O-O-O 15. Rxg7 Nh5 16. Rxf7 Bh4 17. b4 Qc7 18. b5 d5 19. b6 Qb8 20. e5 Rhf8
21. Rxf8 Rxf8 22. Ne2 Rf7 23. c4 dxc4 24. Bxc4 {Black forfeits on time} 1-0

[Event "ICC Open 2015"]
[Site "Internet Chess Club"]
[Date "2015.05.30"]
[Round "3"]
[White "akibael"]
[Black "boobytrap"]
[Result "1-0"]
[ICCResult "Black forfeits on time"]
[WhiteElo "2368"]
[BlackElo "1949"]
[Opening "King's Indian: East Indian defense"]
[ECO "A48"]
[NIC "QP.06"]
[Time "19:21:37"]
[TimeControl "180+0"]

1. Nf3 Nf6 2. d4 g6 3. Nc3 d5 4. Bg5 Bg7 5. Bxf6 Bxf6 6. e4 dxe4 7. Nxe4 Bg7
8. Bc4 O-O 9. c3 b6 10. Qe2 a5 11. O-O Ba6 12. Rfe1 Bxc4 13. Qxc4 Nd7 14.
Rad1 Nf6 15. Nxf6+ Bxf6 16. Ne5 Qd6 17. f4 Rad8 18. Rd3 Bxe5 19. Rxe5 Rd7
20. Rde3 e6 21. h4 Qe7 22. h5 Qh4 23. g3 Qg4 24. Kg2 c5 25. hxg6 hxg6 26.
Rg5 Qd1 27. Rxe6 Qc2+ 28. Kh3 Kg7 29. Re2 Rh8+ 30. Kg4 Qd1 31. Re5 cxd4 32.
Re7 Rxe7 33. Qxd4+ Kg8 34. Qxd1 f5+ 35. Kg5 Kg7 36. Qd4+ Kf7 37. Rxe7+
{Black forfeits on time}
1-0

[Event "ICC Open 2015"]
[Site "Internet Chess Club"]
[Date "2015.05.30"]
[Round "3"]
[White "DropZone"]
[Black "Steingrim89"]
[Result "0-1"]
[ICCResult "White forfeits on time"]
[WhiteElo "2018"]
[BlackElo "1612"]
[Opening "Queen's pawn"]
[ECO "A40"]
[NIC "QP.05"]
[Time "19:20:51"]
[TimeControl "180+0"]

1. d4 e6 2. Nf3 Nf6 3. Bf4 d5 4. e3 Bd6 5. Bg3 O-O 6. c4 c6 7. Ne5 Qc7 8.
Nc3 a6 9. Bd3 Nbd7 10. f4 h6 11. O-O dxc4 12. Bxc4 b5 13. Be2 Nd5 14. Ne4
Nxe3 15. Qd3 Nxf1 16. Rxf1 Nxe5 17. fxe5 Be7 18. Bf3 Rb8 19. Rc1 Qb6 20.
Rxc6 Qa5 21. a3 Bb7 22. b4 Qd8 23. Rc1 Rc8 24. Rf1 Bd5 25. Qe3 Bg5 26. Nxg5
hxg5 27. Bh5 f6 28. exf6 gxf6 29. Qd3 f5 30. Qe3 f4 31. Bxf4 Rxf4 32. Rxf4
gxf4 33. Qxf4 Qf8 34. Qg5+ Qg7 35. Qxg7+ Kxg7 36. Kf2 Rc2+ 37. Ke3 Rxg2 38.
Be8 Ra2 39. a4 Rxa4 40. Bd7 Rxb4 41. Bc8 Rb3+ 42. Kf4 Rh3 43. Ke5 b4 44.
Bxa6 b3 45. Bd3 b2 46. Bb1 Rxh2 47. Kd6 Rd2 48. Kc5 Rd1 49. Bd3 b1=Q 50.
Bxb1 Rxb1 51. Kd6 Rd1 52. Ke5 Rxd4 53. Kxd4 Kf7 54. Ke5 Ke7 55. Kf4 Kd7 56.
Ke3 Kd6 57. Kd4 Kc6 58. Ke3 Kd6 59. Kf4 e5+ 60. Kg5 Kc5 61. Kf6 Kd4 62. Kg7
Kd3 {White forfeits on time} 0-1

[Event "ICC Open 2015"]
[Site "Internet Chess Club"]
[Date "2015.05.30"]
[Round "3"]
[White "Providence"]
[Black "penguingm1"]
[Result "0-1"]
[ICCResult "White checkmated"]
[WhiteElo "2372"]
[BlackElo "2831"]
[Opening "Giuoco Pianissimo"]
[ECO "C50"]
[NIC "IG.02"]
[Time "19:21:03"]
[TimeControl "180+0"]

1. e4 e5 2. Nf3 Nc6 3. Bc4 Bc5 4. d3 Nf6 5. Bb3 a6 6. O-O Ba7 7. Nbd2 d6 8.
c3 O-O 9. h3 h6 10. Re1 Re8 11. Nf1 Be6 12. Bc2 d5 13. exd5 Nxd5 14. Ng3 Qe7
15. Bd2 Rad8 16. Qe2 Nf4 17. Bxf4 exf4 18. Nh5 Qd6 19. d4 Bd7 20. Qd3 g6 21.
Nh4 Ne7 22. Re2 Nf5 23. Nf3 gxh5 24. Ne5 Be6 25. Rae1 Qf8 26. Qf3 Qg7 27.
Qxf4 Ne7 28. Nf3 Nd5 29. Qh4 Nf6 30. Ne5 c6 31. Re3 Kf8 32. Rg3 Qh8 33. Ree3
Bb8 34. Ref3 Bxe5 35. dxe5 Nd5 36. Bg6 Qxe5 37. Bxf7 Bxf7 38. Kh2 Rd6 39.
Qc4 Rf6 40. Qb3 Rxf3 41. gxf3 h4 42. Qc2 hxg3+ 43. fxg3 Qe2+ 44. Qxe2 Rxe2+
45. Kg1 Ne3 46. f4 Bd5 47. g4 Rg2+ 48. Kh1 Rg3+ 49. Kh2 Nf1# {White
checkmated} 0-1

[Event "ICC Open 2015"]
[Site "Internet Chess Club"]
[Date "2015.05.30"]
[Round "3"]
[White "manitodeplomo"]
[Black "Gambit101"]
[Result "1-0"]
[ICCResult "Black resigns"]
[WhiteElo "2673"]
[BlackElo "3009"]
[Opening "QGD: Cambridge Springs defense, Bogolyubov variation"]
[ECO "D52"]
[NIC "QO.15"]
[Time "19:21:24"]
[TimeControl "180+0"]

1. d4 Nf6 2. c4 e6 3. Nf3 d5 4. Nc3 c6 5. Bg5 Nbd7 6. e3 Qa5 7. Nd2 Bb4 8.
Qc2 O-O 9. Rc1 c5 10. a3 Bxc3 11. Qxc3 Qxc3 12. bxc3 b6 13. f3 Ba6 14. Kf2
h6 15. Bh4 Bb7 16. Be2 Rac8 17. g4 Rfe8 18. Rhe1 Nh7 19. Bg3 e5 20. cxd5
cxd4 21. cxd4 exd4 22. e4 Nc5 23. Red1 g6 24. Nc4 d3 25. Bf1 Rcd8 26. Bxd3
Nf6 27. Nd6 Re7 28. Nxb7 Rxb7 29. Bc4 Re7 30. e5 Nfd7 31. f4 g5 32. d6 Ree8
33. Bb5 gxf4 34. Bxf4 Nxe5 35. Rxc5 Nxg4+ 36. Kf3 Nf6 37. Bxe8 bxc5 38. Bc6
Kg7 39. d7 c4 40. Bc7 Rh8 41. d8=Q Rxd8 42. Bxd8 {Black resigns} 1-0

[Event "ICC Open 2015"]
[Site "Internet Chess Club"]
[Date "2015.05.30"]
[Round "3"]
[White "Ramanip15"]
[Black "Vogel"]
[Result "1-0"]
[ICCResult "Black disconnected and forfeits"]
[WhiteElo "1893"]
[BlackElo "2181"]
[Opening "Caro-Kann: two knights variation"]
[ECO "B10"]
[NIC "CK.01"]
[Time "19:21:33"]
[TimeControl "180+0"]

1. e4 c6 2. Nf3 d5 3. Nc3 dxe4 4. Nxe4 Nd7 5. Bc4 e6 6. O-O Ngf6 7. Neg5 Bd6
8. Re1 O-O 9. Qe2 Nb6 10. Bb3 Nbd5 11. d4 h6 12. Ne4 Nxe4 13. Qxe4 Nf6 14.
Qe2 Qc7 15. c4 c5 16. d5 exd5 17. cxd5 Bg4 18. h3 Bh5 19. Bd2 Rfe8 20. Qc4
Bxf3 21. gxf3 Qd7 22. Kg2 a6 23. a4 b5 24. axb5 axb5 25. Qh4 c4 26. Bc2 Nxd5
27. Qe4 Nf6 28. Qxa8 Rxa8 29. Rxa8+ Bf8 30. Bb4 Nh7 31. Ree8 g6 32. Bxf8
Nxf8 33. Rxf8+ Kg7 34. Rg8+ Kf6 35. Be4 b4 36. Rgd8 Qe6 37. Ra7 c3 38. bxc3
bxc3 39. Bd5 Qe5 40. Rxf7+ Kg5 41. f4+ Qxf4 42. Rxf4 Kxf4 43. Rc8 Ke5 44.
Rxc3 Kxd5 45. Re3 g5 46. Kg3 Kd4 47. Kg4 Kd5 48. Kh5 Kd6 49. Kxh6
{Black disconnected and forfeits}
1-0

[Event "ICC Open 2015"]
[Site "Internet Chess Club"]
[Date "2015.05.30"]
[Round "3"]
[White "zelog"]
[Black "LittlePeasant"]
[Result "0-1"]
[ICCResult "White forfeits on time"]
[WhiteElo "2071"]
[BlackElo "2767"]
[Opening "English: Caro-Kann defensive system"]
[ECO "A11"]
[NIC "EO.64"]
[Time "19:20:55"]
[TimeControl "180+0"]

1. c4 c6 2. g3 d5 3. Bg2 Nf6 4. Nf3 dxc4 5. a4 g6 6. Na3 Be6 7. Ng5 Bd5 8.
e4 h6 9. exd5 hxg5 10. dxc6 Nxc6 11. Nxc4 Bg7 12. O-O Rc8 13. d3 g4 14. Be3
O-O 15. Rb1 Qd7 16. b4 Nd5 17. b5 Nd4 18. Bxd4 Bxd4 19. Bxd5 Qxd5 20. Qxg4
Bf6 21. Rbd1 Rfd8 22. h4 Qc5 23. Ne3 Rd4 24. Qf3 b6 25. Rc1 Qxc1 26. Rxc1
Rxc1+ 27. Kg2 Rd7 28. h5 gxh5 29. Qxh5 e6 30. Ng4 Bg7 31. Qg5 Kf8 32. Qxc1
Ke7 33. Qc4 Rd4 34. Qc7+ Rd7 35. Qc2 Rd4 36. Ne3 Rd7 37. Nc4 Bd4 38. Qb3 Bc5
39. a5 Rd4 40. axb6 axb6 41. Qc2 Rd5 42. Ne3 Rd4 43. Kf3 Rb4 44. Qa2 Rxb5
45. Qa7+ Kf8 46. Qb8+ Kg7 47. Qe8 Rb3 48. Ng4 Rxd3+ 49. Ke2 Rd5 50. f4 Bd6
51. Qc6 b5 52. Ke3 b4 53. Ke4 b3 54. Qb7 Bc5 55. Qxb3 Rd4+ 56. Kf3 Rd5 57.
Ne5 Bd6 58. Ke4 Bxe5 59. fxe5 Ra5 60. g4 Rc5 61. Kf4 Rc1 62. Qe3 Rf1+ 63.
Kg5 Rd1 64. Qf4 Rh1 65. Qf6+ Kg8 66. Qd8+ Kg7 67. Qf6+ Kf8 68. Qf3 Rh7 69.
Kf4 Kg7 70. Qe3 Rh6 71. Kg3 Rg6 72. Qf4 Kg8 73. g5 Kg7 74. Kh4 Kg8 75. Kh5
Rg7 76. Qd4 Rh7+ 77. Kg4 Kg7 78. Qd8 Rh8 79. Qf6+ Kg8 80. g6 fxg6 81. Qxg6+
Kf8 82. Qxe6 Rh7 83. Qf6+ Ke8 84. e6 Rh4+ {White forfeits on time} 0-1

[Event "ICC Open 2015"]
[Site "Internet Chess Club"]
[Date "2015.05.30"]
[Round "3"]
[White "ivancele"]
[Black "pranav-nsk"]
[Result "1/2-1/2"]
[ICCResult "Game drawn by repetition"]
[WhiteElo "1584"]
[BlackElo "1343"]
[Opening "Queen's Indian: 4.g3 Bb7"]
[ECO "E15"]
[NIC "QI.06"]
[Time "19:21:33"]
[TimeControl "180+0"]

1. d4 Nf6 2. c4 e6 3. Nf3 b6 4. g3 Bb7 5. Bg2 d6 6. O-O Nbd7 7. Nc3 Be7 8.
a3 O-O 9. b4 a5 10. Bb2 axb4 11. axb4 Rxa1 12. Qxa1 Qa8 13. Nb5 Qxa1 14.
Rxa1 c6 15. Ra7 cxb5 16. Rxb7 bxc4 17. Nd2 d5 18. Bc3 Rc8 19. b5 Ra8 20. h3
Ra3 21. Rc7 Rxc3 22. Nf3 h6 23. Ne5 Nxe5 24. dxe5 Rc1+ 25. Kh2 c3 26. exf6
Bxf6 27. e4 c2 28. exd5 exd5 29. Bxd5 Rd1 30. Be4 c1=Q 31. Rxc1 Rxc1 32. Kg2
Rb1 33. Bxb1 Kf8 34. Kf3 Ke7 35. Ke4 Kd6 36. Bd3 Kc5 37. f4 Bd4 38. g4 Ba1
39. h4 Bf6 40. g5 hxg5 41. hxg5 Ba1 42. f5 Bc3 43. Be2 Ba1 44. Kf4 Bb2 45.
Kg4 Bc1 46. Kh5 Bb2 47. Bd3 Ba1 48. Be2 Bb2 49. Bf1 Be5 50. Be2 f6 51. gxf6
Bxf6 52. Kg6 Ba1 53. Kf7 Bf6 54. Ke6 Ba1 55. Bf1 Bf6 56. Be2 Ba1 57. Bf1 Bf6
58. Be2 Bb2 59. Bf1 Bc3 60. Be2 Bb2 61. Bf1 Bd4 62. Be2 Bf6 63. Bf1 Ba1 64.
Be2 Bb2 65. Bf1 Bd4 66. Be2 Be3 67. Bf1 Bd4 68. Be2 Be3 69. Bf1 Bc1 70. Be2
Bb2 {Game drawn by repetition} 1/2-1/2

[Event "ICC Open 2015"]
[Site "Internet Chess Club"]
[Date "2015.05.30"]
[Round "3"]
[White "Blondicheck"]
[Black "HaraldEskilstu"]
[Result "0-1"]
[ICCResult "White checkmated"]
[WhiteElo "1596"]
[BlackElo "2038"]
[Opening "Alekhine's defense: four pawns attack, 7.Be3"]
[ECO "B02"]
[NIC "AL.06"]
[Time "19:21:27"]
[TimeControl "180+0"]

1. e4 Nf6 2. e5 Nd5 3. c4 Nb6 4. d4 d6 5. f4 dxe5 6. fxe5 Nc6 7. Be3 Bf5 8.
Nf3 e6 9. Nc3 Be7 10. Be2 O-O 11. O-O f6 12. exf6 Bxf6 13. Rc1 Qe7 14. a3
Rad8 15. c5 Nd5 16. Nxd5 Rxd5 17. Bc4 Rd7 18. Qb3 Na5 19. Qb5 Nxc4 20. Qxc4
c6 21. Ne5 Bxe5 22. dxe5 Rd5 23. Rcd1 h6 24. Rxd5 exd5 25. Qd4 Be4 26. b4
Rxf1+ 27. Kxf1 Qe6 28. Qd2 Qxe5 29. Bd4 Qxh2 30. Qf2 Qh1+ 31. Qg1 Bxg2+ 32.
Kf2 Qxg1+ 33. Kxg1 Be4 34. Kf2 Kf7 35. Kg3 g5 36. Kg4 Kg6 37. a4 h5+ 38. Kg3
Kf5 39. b5 h4+ 40. Kf2 g4 41. bxc6 bxc6 42. a5 g3+ 43. Kg1 Kg4 44. Bf6 h3
45. Be5 Bd3 46. a6 Kf3 47. Bd4 h2+ 48. Kh1 Be4 49. Bf2 Ke2# {White
checkmated} 0-1

[Event "ICC Open 2015"]
[Site "Internet Chess Club"]
[Date "2015.05.30"]
[Round "3"]
[White "brizito"]
[Black "JustKid"]
[Result "0-1"]
[ICCResult "White forfeits on time"]
[WhiteElo "1668"]
[BlackElo "2084"]
[Opening "Benoni: classical, 9...Re8, 10.Nd2"]
[ECO "A77"]
[NIC "BI.03"]
[Time "19:21:02"]
[TimeControl "180+0"]

1. d4 Nf6 2. Nf3 c5 3. d5 e6 4. c4 exd5 5. cxd5 d6 6. e4 g6 7. Nc3 Bg7 8.
Be2 O-O 9. O-O Re8 10. Nd2 Nbd7 11. a4 a6 12. a5 c4 13. Qc2 Nc5 14. f3 Nh5
15. Nxc4 f5 16. Be3 fxe4 17. fxe4 Bxc3 18. Qxc3 Nxe4 19. Qd4 Ng7 20. Bh6 Qe7
21. Rae1 Nf5 22. Rxf5 Bxf5 23. Bd3 Qf6 24. Rxe4 Qxd4+ 25. Rxd4 Re1+ 26. Kf2
Rae8 27. Nxd6 Bxd3 28. Rxd3 R8e2+ 29. Kf3 Re7 30. Kf2 R1e5 31. Nc8 Re8 32.
Nb6 R5e7 33. d6 Rf7+ 34. Kg3 Rd8 35. d7 Re7 36. Rf3 Rf7 37. Rxf7 Kxf7 38.
Kg4 Ke6 39. Kg5 Kd6 40. h4 Kc6 41. Kf6 Kd6 42. Be3 Kc6 43. Kg7 Kd6 44. Kxh7
Ke6 45. Kxg6 Rg8+ 46. Kh5 Rd8 47. Kg4 Rg8+ 48. Kh3 Rd8 49. g4 Rh8 50. g5
Rxh4+ {White forfeits on time} 0-1

[Event "ICC Open 2015"]
[Site "Internet Chess Club"]
[Date "2015.05.30"]
[Round "3"]
[White "ElMarginal"]
[Black "clarinetist"]
[Result "1-0"]
[ICCResult "Black forfeits on time"]
[WhiteElo "1455"]
[BlackElo "1632"]
[Opening "Queen's pawn: Chigorin variation"]
[ECO "D00"]
[NIC "VO.15"]
[Time "19:21:32"]
[TimeControl "180+0"]

1. Nc3 d5 2. d4 Nf6 3. Nf3 e6 4. e3 c5 5. Bb5+ Bd7 6. Ne5 Bxb5 7. Nxb5 Qa5+
8. Nc3 Nbd7 9. O-O Nxe5 10. dxe5 Nd7 11. f4 Be7 12. Kh1 O-O 13. Bd2 Qc7 14.
Ne2 b5 15. Rc1 a5 16. b3 a4 17. Qe1 Rfb8 18. Ng3 c4 19. bxc4 dxc4 20. Qf2 c3
21. Be1 b4 22. Nh5 g6 23. Qg3 Kh8 24. Nf6 Nxf6 25. exf6 Bxf6 26. e4 Bg7 27.
e5 Kg8 28. Bf2 Rb5 29. Qf3 Rd8 30. Rcd1 Rbd5 31. Rxd5 Rxd5 32. Rd1 Qd7 33.
Rxd5 Qxd5 34. Qxd5 exd5 35. Bd4 Kf8 36. Kg1 Ke8 37. Kf2 Bf8 38. g4 Kd7 39.
Ke3 Kc6 40. Kd3 Bc5 41. h3 h6 42. f5 h5 43. fxg6 fxg6 44. gxh5 gxh5 45. e6
Bxd4 46. Kxd4 Kd6 47. e7 Kxe7 48. Kxd5 b3 49. axb3 axb3 50. cxb3
{Black forfeits on time}
1-0

[Event "ICC Open 2015"]
[Site "Internet Chess Club"]
[Date "2015.05.30"]
[Round "3"]
[White "blackjack721"]
[Black "bythebook"]
[Result "0-1"]
[ICCResult "White forfeits on time"]
[WhiteElo "1416"]
[BlackElo "1649"]
[Opening "Caro-Kann: advance variation"]
[ECO "B12"]
[NIC "CK.04"]
[Time "19:21:13"]
[TimeControl "180+0"]

1. e4 c6 2. d4 d5 3. e5 Bf5 4. h4 h5 5. g3 e6 6. Bg2 c5 7. c3 Nc6 8. Qa4
cxd4 9. cxd4 Qb6 10. Ne2 Bb4+ 11. Bd2 Bxd2+ 12. Nxd2 Qxb2 13. Rc1 Rc8 14.
Nb3 Ne7 15. Nc5 O-O 16. Bf3 b6 17. Nd7 Rfd8 18. Nf6+ gxf6 19. exf6 Nxd4 20.
Qxd4 Rxc1+ 21. Nxc1 Qxc1+ 22. Bd1 Nc6 23. Qd2 Qxd2+ 24. Kxd2 Bg6 25. Be2 Ne5
26. f3 Rc8 27. Ke3 Rc2 28. Re1 Rxa2 29. g4 Nc4+ 30. Kf2 Bd3 31. gxh5 Bxe2
32. Rxe2 Rxe2+ 33. Kxe2 a5 34. Kd3 a4 35. Kc3 a3 36. Kb3 b5 37. f4 Kh7 38.
Ka2 Kh6 39. Kb3 Kxh5 40. Ka2 Kxh4 41. Kb3 Kg4 42. Ka2 Kxf4 43. Kb3 Kf5 44.
Ka2 Kxf6 45. Kb3 Ke5 46. Ka2 f5 47. Kb3 f4 48. Ka2 f3 49. Kb3 f2 50. Ka2
f1=Q 51. Kb3 Qf3+ 52. Kb4 a2 {White forfeits on time} 0-1

[Event "ICC Open 2015"]
[Site "Internet Chess Club"]
[Date "2015.05.30"]
[Round "3"]
[White "ural"]
[Black "RaiseTheCurve"]
[Result "1-0"]
[ICCResult "Black forfeits on time"]
[WhiteElo "2354"]
[BlackElo "1936"]
[Opening "Alekhine's defense: Steiner variation"]
[ECO "B02"]
[NIC "AL.10"]
[Time "19:22:00"]
[TimeControl "180+0"]

1. e4 Nf6 2. e5 Nd5 3. c4 Nb6 4. b3 d6 5. exd6 exd6 6. Bb2 c5 7. d4 Qf6 8.
Nf3 Bg4 9. Be2 Nc6 10. O-O O-O-O 11. Na3 Bxf3 12. Bxf3 Nxd4 13. Bxd4 Qxd4
14. Qxd4 cxd4 15. Nb5 d5 16. c5 a6 17. Nxd4 Na8 18. b4 Be7 19. Rac1 Bf6 20.
Nf5 Nc7 21. Nd6+ Kb8 22. Rfd1 d4 23. Nxf7 Rhf8 24. Nxd8 Rxd8 25. a4 Ne6 26.
b5 axb5 27. axb5 Ng5 28. Be2 Ne4 29. Bd3 Nc3 30. Re1 Kc7 31. Re6 h6 32. Rce1
Nd5 33. b6+ Kc8 34. g3 Nb4 35. Bf5 Kb8 36. Rb1 Nc6 37. Be4 d3 38. Bxc6 bxc6
39. Rxc6 d2 40. Rd1 Bc3 41. Re6 Kb7 42. Kf1 Bb4 43. Re5 Kc6 44. Ke2 Bxc5 45.
Rxd2 Rd5 46. Rexd5 {Black forfeits on time} 1-0